 Dungeon Crawl Stone Soup version 0.31.0-9-g3a7656b989 (webtiles) character file.

Game seed: 4684750206030152708

87 qw the Shooter (level 4, -2/25 HPs)
             Began as a Deep Elf Hunter on Feb 2, 2024.
             Hit by a goblin thrown by Robin (3 damage)
             ... on level 2 of the Dungeon.
             The game lasted 00:00:06 (1329 turns).

qw the Shooter (Deep Elf Hunter)                    Turns: 1329, Time: 00:00:06

Health: -2/25      AC:  5    Str: 10    XL:     4   Next: 28%
Magic:  6/6        EV: 11    Int: 14    God:
Gold:   54         SH:  0    Dex: 18    Spells: 3/3 levels left

rFire   . . .        a - +0 shortbow
rCold   . . .        (shield currently unavailable)
rNeg    . . .        k - +0 ring mail
rPois   .            (no helmet)
rElec   .            (no cloak)
rCorr   .            (no gloves)
SInv    .            (no boots)
Will    .....        f - amulet of faith
Stlth   +            (no ring)
HPRegen 0.24/turn    (no ring)
MPRegen 0.10/turn

%: faith
@: lethally poisoned (-2 -> -16)
A: no striking features
a: no special abilities


You were on level 2 of the Dungeon.
You visited 1 branch of the dungeon, and saw 2 of its levels.

You collected 54 gold pieces.


   Skills:
 - Level 1.5 Fighting
 + Level 7.7 Ranged Weapons
 - Level 2.4 Dodging
 - Level 1.2 Stealth


You had 3 spell levels left.
You didn't know any spells.
Your spell library was empty.

Inventory:

Hand Weapons
 a - a +0 shortbow (weapon)
Armour
 k - a +0 ring mail (worn)
Jewellery
 f - an amulet of faith (around neck)
Scrolls
 c - a scroll of torment {unknown}
 d - a scroll of identify
Potions
 b - a potion of experience {unknown}
 e - a potion of haste
 g - a potion of resistance {unknown}
 i - a potion of brilliance {unknown}
 j - a potion of attraction {unknown}
 m - a potion of magic {unknown}

Dungeon Overview and Level Annotations

Branches:
Dungeon (2/15)

Altars:

Annotations:
D:2 1 runed translucent door, Crazy Yiuf, Robin


Message History

The goblin closely misses you. Robin throws the goblin at you!
The goblin misses you.
You shoot an arrow. The arrow hits the goblin!
You kill the goblin!
A hobgoblin comes into view.
The goblin hits you but does no damage. x2
You are poisoned.
Robin throws the goblin at you! The goblin closely misses you.
An adder comes into view.
You shoot an arrow. The arrow hits the goblin.
You kill the goblin!
You feel sick.
The goblin hits you with a +1 dagger of venom.
You are more poisoned.
A rat comes into view.
The goblin hits you with a +0 club.
A kobold comes into view. It is wielding a +0 dagger.
The goblin misses you. x2
Robin roars a battlecry!
The goblins go into a battle-frenzy!
The goblin misses you.
A frilled lizard comes into view.
A kobold comes into view. It is wielding a +0 dagger.
The rat moves out of view.
You hear a shout!
You shoot an arrow. The arrow barely misses the goblin.
The kobold shouts! x2
You feel very sick. The goblin misses you.
A frilled lizard comes into view.
The goblin hits you with a +1 dagger of venom.
You are more poisoned.
The goblin misses you.
You shoot an arrow. The arrow hits the goblin!
You kill the goblin!
You feel very sick. The goblin hits you with a +0 dagger.
The goblin hits you with a +0 club. Robin throws the goblin at you!
You die...
Robin lets out a smug laugh. ...#l #Kl.. ...K# wgS g.g

#g# #g#
################@#
......>........gg#
################.#
#.# #.# ###


You could see a ribbon worm, Robin, an adder, 2 hobgoblins, 4 goblins, 2 kobolds
and 2 frilled lizards.

Vanquished Creatures
  Terence (D:2)
  An adder (D:2)
  A dart slug (D:1)
  3 ribbon worms (D:2)
  6 endoplasms
  5 goblins
  8 hobgoblins
  3 kobolds
  A quokka (D:2)
  3 ball pythons
  5 bats
  2 frilled lizards (D:1)
  4 rats
43 creatures vanquished.

Notes
Turn   | Place    | Note
-------+----------+-------------------------------------------
     0 | D:1      | qw the Deep Elf Hunter began the quest for the Orb.
     0 | D:1      | Reached XP level 1. HP: 12/12 MP: 3/3
     0 | D:1      | 0 ||| qw: Version: 0.3-a-155-g5e7d8dd
     0 | D:1      | 0 ||| qw: Game counter: 2305
     0 | D:1      | 0 ||| qw: Melee chars always use a shield: true
     0 | D:1      | 0 ||| qw: God list: Okawaru
     0 | D:1      | 0 ||| qw: Allow faded altars: false
     0 | D:1      | 0 ||| qw: Do Orc after clearing Dungeon:15 true
     0 | D:1      | 0 ||| qw: Do second Lair branch before Depths: true
     0 | D:1      | 0 ||| qw: Lair rune preference: random
     0 | D:1      | 0 ||| qw: Goals: Normal
     0 | D:1      | 0 ||| PLANNING D:1-11
   203 | D:1      | Reached XP level 2. HP: 16/16 MP: 4/4
   220 | D:1      | Found a faded altar of an unknown god.
   227 | D:1      | Reached skill level 6 in Ranged Weapons
   662 | D:1      | 662 ||| UPGRADING to +0 ring mail.
   672 | D:1      | 672 ||| DROPPING +0 leather armour.
   673 | D:1      | 673 ||| UPGRADING to amulet of faith.
   678 | D:1      | 678 ||| READING scroll labelled LEJIPA HERRARHIL.
   679 | D:1      | 679 ||| READING scroll labelled NOBLUT LOYSH.
   679 | D:1      | 679 ||| IDENTIFYING bubbling coppery potion
   680 | D:1      | 680 ||| READING scroll labelled GATZAWKOQUOF.
   683 | D:1      | 683 ||| READING scroll labelled EBBIEJ CEPLAO.
   684 | D:1      | 684 ||| DROPPING scroll of butterflies.
   710 | D:2      | Reached XP level 3. HP: 18/20 MP: 5/5
   782 | D:2      | Noticed Terence
   787 | D:2      | Killed Terence
   788 | D:2      | Reached skill level 7 in Ranged Weapons
   802 | D:2      | Reached XP level 4. HP: 11/25 MP: 6/6
  1012 | D:2      | Found a runed translucent door.
  1013 | D:2      | Noticed Crazy Yiuf
  1320 | D:2      | Noticed Robin
  1329 | D:2      | HP: 6/25 [poisoned by a goblin]
  1329 | D:2      | HP: 1/25 [goblin/+0 club[Robin] (4)]
  1329 | D:2      | Hit by a goblin thrown by Robin

Levels and vault maps discovered:
D:1:      matt_arrival_refuge, layout_rooms, shapermc_ecumenical_altar_venn,
          chequers_serial_rivers_micro_d
D:2:      layout_basic, hangedman_decor_clover_reticule, minmay_splitting_lines,
          minmay_increasing_density, uniq_crazy_yiuf_cottage, uniq_terence,
          uniq_robin

Skill      XL: |  1  2  3 |
---------------+----------+-----
Ranged Weapons | 6 7 |  7.7
Fighting       | |  1.5
Dodging        | |  2.4
Stealth        | |  1.2

Action                     |  1- 3 |  4- 6 || total
---------------------------+-------+-------++-------
   Fire: Shortbow          |   105 |    49 ||   154
    Use: Scroll            |     4 |       ||     4
 Armour: Leather armour    |    18 |       ||    18
         Ring mail         |    15 |    19 ||    34
  Dodge: Dodged            |    25 |    22 ||    47

Table legend:
 A = Non-vault XP
 B = Vault XP
 C = Vault XP percentage of total XP
 D = Non-vault monster count
 E = Vault monster count
 F = Vault count percentage of total count
                 A         B        C        D         E       F
            +---------+---------+-------+---------+---------+-------
      Total |      85 |      42 |  33.1 |      39 |       4 |   9.3
            +---------+---------+-------+---------+---------+-------
        D:1 |      36 |       0 |   0.0 |      21 |       0 |   0.0
        D:2 |      49 |      42 |  46.2 |      18 |       4 |  18.2
            +---------+---------+-------+---------+---------+-------
